 Dungeon Crawl Stone Soup version 0.16.0-17-g811c1d7 (webtiles) character file.

201843 Zapata the Acrobat (level 19, -9/136 HPs)
             Began as a Kobold Berserker on Mar 21, 2015.
             Was a High Priest of Trog.
             Mangled by a merfolk impaler
             ... wielding a +2 trident of piercing
              (13 damage)
             ... on level 5 of the Shoals.
             The game lasted 01:59:14 (39887 turns).

Zapata the Acrobat (Kobold Berserker)              Turns: 39887, Time: 01:59:15

Health: -9/136     AC: 14    Str: 17    XL:     19   Next: 73%
Magic:  6/6        EV: 33    Int:  5    God:    Trog [*****.]
Gold:   311        SH: 10    Dex: 22    Spells: 0 memorised, 18 levels left

rFire  + . .     SeeInvis +     a - +9 demon whip (antimagic)
rCold  + . .     Clarity  .     i - +3 ring mail {rC+}
rNeg   + . .     SustAb   .     s - +2 buckler
rPois  .         Gourm    .     d - +1 hat {rF+}
rElec  .         Spirit   .     E - +1 cloak
rCorr  .         Warding  +     (no gloves)
rMut   .         Stasis   .     U - +1 pair of boots {Fly}
MR     ++...                    y - amulet "Voxupavi" {Ward rN+ Slay+3}
Stlth  ++++......               j - ring of protection from magic
                                w - ring of see invisible

@: about to teleport, flying, mesmerised, very slightly contaminated, studying
Armour, very resistant to hostile enchantments, stealthy
A: carnivore 3
a: Burn Spellbooks, Berserk, Trog's Hand, Brothers in Arms, Renounce Religion,
Stop Flying


You were on level 5 of the Shoals.
You worshipped Trog.
Trog was extremely pleased with you.
You were not hungry.

You visited 5 branches of the dungeon, and saw 34 of its levels.
You visited the Abyss 4 times.
You visited 1 bazaar.
You also visited: Sewer, Ice Cave and Volcano.

You collected 3894 gold pieces.
You spent 3583 gold pieces at shops.

Inventory:

Hand weapons
 a - a +9 antimagic demon whip (weapon)
 b - a +4 hand crossbow of velocity
Missiles
 e - 18 bolts of flame
 o - 17 steel bolts
 r - 9 bolts of penetration
 L - 135 bolts
Armour
 d - a +1 hat of fire resistance (worn)
 i - a +3 ring mail of cold resistance (worn)
 p - the +0 pair of boots "Ethracw" {rPois Regen+}
   (You found it on level 2 of the Shoals)

   It protects you from poison.
   It increases your rate of regeneration.
 s - a +2 buckler (worn)
 E - a +1 cloak (worn)
 U - a +1 pair of boots of flying (worn)
 X - the +2 pair of boots of the Assassin {Stlth++}
   (You acquired it on level 1 of the Elven Halls)

   It makes you much more stealthy.
Jewellery
 j - a ring of protection from magic (right hand)
 w - a ring of see invisible (left hand)
 y - the amulet "Voxupavi" (around neck) {Ward rN+ Slay+3}
   (You bought it in a shop in a bazaar)

   [amulet of warding]

   It may prevent the melee attacks of summoned creatures.
   It affects your accuracy and damage with ranged weapons and melee attacks
   (+3).
   It protects you from negative energy.
 C - an uncursed ring of positive energy
Magical devices
 F - a wand of enslavement (7)
 I - a wand of digging (6)
 V - a wand of teleportation (4)
Scrolls
 h - 2 scrolls of immolation
 k - 10 scrolls of remove curse
 l - 7 scrolls of teleportation
 m - a scroll of summoning {unknown}
 n - 3 scrolls of fear
 t - 3 scrolls of identify
 v - a scroll of enchant armour
 x - 5 scrolls of magic mapping
 A - 6 scrolls of recharging
 K - a scroll of fog
 R - a scroll of silence
 S - 2 scrolls of holy word
Potions
 u - 2 potions of restore abilities
 B - 5 potions of curing
 G - 4 potions of might
 H - 6 potions of agility
 M - 4 potions of resistance
 N - 3 potions of haste
Books
 D - a manual of Armour
Comestibles
 c - 7 meat rations
 q - 7 beef jerkies
 z - 2 slices of pizza


   Skills:
 + Level 20.4 Fighting
 - Level 14.0 Maces & Flails
 - Level 8.1 Crossbows
 - Level 5.5 Armour
 + Level 21.2 Dodging
 - Level 8.0 Stealth
 - Level 7.6 Shields


You had 18 spell levels left.
You didn't know any spells.

Dungeon Overview and Level Annotations

Branches:
Dungeon (14/15)            Temple (0/1) D:4            Lair (8/8) D:9
 Shoals (5/5) Lair:4        Snake (0/5) Lair:5        Slime (0/6) Lair:8
    Orc (4/4) D:12            Elf (3/3) Orc:4        Vaults (0/5) D:13

Altars:
Ashenzari
Cheibriados
Dithmenos
Nemelex Xobeh
Sif Muna
Trog
Vehumet
Xom
Yredelemnul
Zin
The Shining One
Beogh
Jiyva

Shops:
D:4 (   D:6 }   Orc:2 *[   Orc:4 =::(   Elf:2 %   Elf:3 *%:   Shoals:3 =

Annotations:
Shoals:5 Ilsuiw


Innate Abilities, Weirdness & Mutations

You are small and have problems with some larger weapons.
You are carnivorous and can eat meat at any time.


Message History

You hear a splash.
The siren chants its luring song.
The merfolk closely misses you.
Ilsuiw mumbles some strange words.
The merfolk impaler completely misses you.
The merfolk impaler completely misses you.
The siren chants its luring song.
You block the merfolk's attack.
Ilsuiw hits you from afar with a trident of freezing.
* * * LOW HITPOINT WARNING * * *
Huge Dmg: -4%(-6hp) hp: 11%(14hp)
The merfolk impaler completely misses you.
The merfolk javelineer throws a javelin.
You block the javelin.
The siren chants its luring song.
You block the merfolk impaler's attack.
The merfolk hits you from afar with a trident!
* * * LOW HITPOINT WARNING * * *
The merfolk impaler hits you from afar with a trident of piercing!
You die...

m..≈≈######mmm≈≈≈≈≈≈≈≈≈≈≈≈≈≈≈#
≈≈§.## .≈m#≈≈≈≈≈≈≈≈≈≈≈≈≈≈≈≈≈#
.≈≈## ≈≈m#≈#≈≈≈≈≈≈≈≈≈≈≈≈≈≈≈≈#
≈≈.# ..#≈≈≈#.#..≈≈≈m≈≈≈≈≈≈≈≈≈#
≈≈.# ≈≈#≈≈≈.#...≈≈≈≈≈≈≈≈≈≈≈≈#
≈≈≈# m # ≈.#....EE≈≈≈≈≈≈≈ ≈≈≈#
≈#....mmm≈≈≈≈≈ ≈≈≈#
#≈..≈≈≈≈≈≈≈≈≈≈ ≈≈≈#
##≈≈@≈m≈≈≈≈≈≈≈≈ ≈.≈≈#
##≈≈≈.)≈≈≈≈≈≈≈≈≈ ≈..≈≈#
###≈≈≈≈..m)≈≈≈≈≈≈≈ ≈≈..≈≈
≈≈≈≈≈≈≈....≈≈≈≈≈≈≈ ≈≈≈≈≈≈
≈≈≈≈≈≈≈....≈≈≈≈≈≈≈ ≈≈≈
≈≈≈≈≈≈≈...≈≈≈≈≈≈
≈######≈.≈≈≈≈≈≈≈ ≈#≈≈≈≈≈≈≈≈
≈#≈#≈≈≈≈≈≈


You could see Ilsuiw, 2 merfolk impalers, a merfolk javelineer, a merfolk, 2
water elementals and a siren.

Vanquished Creatures
  Mara (Shoals:5)
  3 bone dragons
  A lich (Abyss:1)
  2 tentacled starspawn (Abyss:1)
  An eldritch tentacle (Elf:1)
  A sphinx (Elf:1)
  Agnes (Elf:1)
  Kirke (Elf:3)
  Roxanne (Shoals:5)
  An azure jelly (Elf:1)
  A revenant (Abyss:1)
  An iron dragon (Elf:1)
  Louise (Elf:3)
  Gastronok (Lair:2)
  2 very ugly things (Abyss:1)
  An angel (Abyss:1)
  A deep elf annihilator (Elf:1)
  3 merfolk javelineers
  An eidolon (Elf:1)
  A deep elf death mage (Elf:2)
  8 merfolk impalers
  3 vault guards (D:13)
  A deep elf high priest (Elf:1)
  A great orb of eyes (Elf:1)
  The ghost of WildSam the Martial Artist, a powerful DrMo of Ru (D:11)
  Fannar (Lair:5)
  10 hydras
  4 catoblepae
  2 alligator snapping turtles
  14 dancing weapons (Elf:2)
  2 satyrs (Shoals:4)
  6 death yaks (Lair:8)
  3 thrashing horrors (Abyss:1)
  Urug (Orc:4)
  The ghost of valak23 the Unseen, an experienced OpAs of Dithmenos (Orc:1)
  Nergalle (Orc:4)
  8 large abominations
  2 wretched stars (Abyss:1)
  A shadow wraith (Abyss:1)
  24 deep elf knights
  4 ice devils (IceCv)
  A fire crab (shapeshifter) (D:14)
  11 sea snakes
  4 ice statues
  7 deep elf summoners
  A quicksilver dragon simulacrum (Elf:1)
  14 deep elf conjurers
  5 hill giants
  3 harpies (Shoals:2)
  An unseen horror (shapeshifter) (Elf:2)
  An orc knight (Orc:2)
  The ghost of puimuR the Grappler, an experienced TrAM of Cheibriados (D:8)
  A wolf spider (shapeshifter) (Elf:2)
  3 griffons
  4 manticores
  8 orc sorcerers
  2 worldbinders (Abyss:1)
  A shadow dragon skeleton (Abyss:1)
  An ugly thing (Abyss:1)
  6 fauns
  2 cyclopes
  4 water nymphs
  An iron dragon skeleton (Abyss:1)
  6 elephants (Lair:6)
  Maurice (D:8)
  8 sirens
  7 black mambas
  Joseph (D:10)
  An apocalypse crab (Abyss:1)
  A sixfirhy (Elf:1)
  2 toenail golems (Volcano)
  A smoke demon (Volcano)
  19 spiny frogs
  An orange demon (Orc:4)
  2 molten gargoyles (Volcano)
  An anaconda simulacrum (Abyss:1)
  A yaktaur (D:13)
  A kobold demonologist (D:14)
  An efreet (D:14)
  3 fire drakes
  A demonic crawler (Elf:2)
  15 komodo dragons
  3 trolls
  7 blue devils (IceCv)
  11 deep elf priests
  4 wind drakes
  23 merfolk
  3 red devils
  5 ancient zymes
  4 polar bears (Lair:2)
  4 giant leeches (Lair:8)
  A tengu simulacrum (Elf:1)
  3 jumping spiders (Elf:1)
  A two-headed ogre (D:10)
  8 raiju (Abyss:1)
  2 ravens
  8 blink frogs
  8 snapping turtles
  2 wyverns
  2 wraiths
  A ynoxinul (Abyss:1)
  5 flying skulls (Abyss:1)
  50 yaks
  8 basilisks
  A trapdoor spider (D:11)
  A redback (Elf:1)
  A tarantella (shapeshifter) (D:13)
  25 deep elf magi
  A shadow (D:14)
  2 water elementals
  12 hippogriffs
  A fire elemental (Abyss:1)
  A steam dragon (D:9)
  2 neqoxecs (Abyss:1)
  2 golden eyes (Elf:1)
  3 hogs (Elf:3)
  A chaos spawn (Abyss:1)
  A spriggan (D:7)
  2 hungry ghosts
  9 vampire mosquitoes (Lair:8)
  A catoblepas simulacrum (Abyss:1)
  An insubstantial wisp (Elf:1)
  5 wolves (Lair:7)
  2 spatial vortices (Elf:1)
  Edmund (D:4)
  Menkaure (D:4)
  A merfolk zombie (Abyss:1)
  11 water moccasins
  9 wargs
  25 orc warriors
  2 mottled dragons
  14 ice beasts
  36 deep elf fighters
  2 hydra simulacra (Elf:1)
  3 phantoms
  16 ogres
  2 sky beasts
  5 black bears
  2 elf zombies (Elf:1)
  2 eyes of draining
  9 porcupines
  14 centaurs
  An ogre (shapeshifter) (Elf:1)
  A boring beetle (Lair:7)
  8 crocodiles
  An elf skeleton (Elf:1)
  A fire dragon simulacrum (Elf:1)
  4 big kobolds
  3 spectral elves (Elf:1)
  Blork the orc (D:4)
  30 giant frogs
  2 earth elementals (Elf:1)
  6 scorpions
  A warg zombie (Orc:4)
  An elephant simulacrum (Elf:1)
  8 small abominations
  6 electric eels
  9 wights
  2 giant frog zombies
  2 lava snakes (Volcano)
  5 quasits
  A gnoll shaman (D:7)
  12 jellies
  14 starcursed masses
  3 goliath beetles
  6 hounds
  30 orc priests
  An iguana (shapeshifter) (Elf:1)
  71 orc wizards
  Crazy Yiuf (D:3)
  4 crimson imps
  4 centaur skeletons
  A hell rat (Elf:2)
  An iron imp (Abyss:2)
  A giant frog skeleton (D:4)
  14 iguanas
  13 worker ants
  6 sheep (Lair:5)
  3 troll simulacra (Elf:1)
  Ijyb (D:2)
  Jessica (D:9)
  2 hound zombies
  Terence (D:2)
  3 hound skeletons
  19 river rats
  9 gnolls
  26 adders
  2 giant mites
  8 white imps
  4 worms
  2 shadow imps
  8 ufetubi
  An adder skeleton (D:9)
  8 giant geckos
  220 orcs
  19 bats
  10 giant cockroaches
  21 hobgoblins
  6 jackals
  15 quokkas
  6 giant newts
  A giant spore (D:11)
  24 goblins
  A jackal skeleton (D:5)
  62 kobolds
  2 orc zombies (Orc:4)
  17 rats
  5 ballistomycetes
  2 crawling corpses (Elf:1)
  A macabre mass (Elf:1)
  6 plants
1462 creatures vanquished.

Vanquished Creatures (collateral kills)
  A player illusion (Shoals:5)
  Polyphemus (Shoals:5)
  An azure jelly (Elf:1)
  2 tengu warriors (D:14)
  A dancing weapon (Elf:2)
  2 death yaks (Shoals:5)
  A thrashing horror (Abyss:1)
  A deep elf knight (Elf:1)
  A deep elf summoner (Elf:2)
  An orc knight (D:12)
  A hill giant (D:12)
  3 ugly things (D:12)
  A spiny frog (shapeshifter) (Abyss:1)
  A spiny frog (Lair:8)
  A deep elf priest (Elf:1)
  A troll (D:12)
  A freezing wraith (D:14)
  A sphinx simulacrum (Elf:1)
  2 ravens (D:14)
  A large abomination (Abyss:1)
  A redback (Elf:2)
  A ynoxinul (Abyss:1)
  2 deep elf fighters (Elf:2)
  2 vampire mosquitoes (Lair:8)
  A warg (D:12)
  An orc warrior (D:12)
  A small abomination (Abyss:1)
  2 ice beasts (Elf:1)
  An eye of draining (shapeshifter) (Elf:2)
  A giant frog (Lair:8)
  A big kobold (D:12)
  An electric eel (Lair:8)
  3 starcursed masses (Abyss:1)
  An orc priest (D:12)
  2 orc wizards (D:12)
  2 hell rats (Elf:2)
  A troll simulacrum (Elf:1)
  A white imp (Abyss:1)
  4 orcs (D:12)
  6 kobolds (D:12)
60 creatures vanquished.

Vanquished Creatures (others)
  A deep troll (Shoals:5)
  3 trolls
  2 ogres
  A small abomination (Abyss:1)
  2 orc wizards (Orc:4)
  A shadow imp (Abyss:1)
  A white imp (IceCv)
  2 ufetubi (IceCv)
  2 orcs (Orc:4)
  2 giant spores
  58 eldritch tentacle segments (Elf:1)
  2 fungi
  A plant (Lair:8)
  4 starspawn tentacles (Abyss:1)
82 creatures vanquished.

Grand Total: 1604 creatures vanquished

Notes
Turn   | Place    | Note
--------------------------------------------------------------
     0 | D:1      | Zapata, the Kobold Berserker, began the quest for the Orb.
     0 | D:1      | Reached XP level 1. HP: 14/14 MP: 1/1
   231 | D:1      | Reached XP level 2. HP: 19/19 MP: 2/2
   299 | D:1      | Acquired Trog's second power
   461 | D:1      | Reached skill level 4 in Maces & Flails
   461 | D:1      | Reached XP level 3. HP: 18/23 MP: 3/3
  1332 | D:2      | Reached XP level 4. HP: 14/28 MP: 4/4
  1383 | D:2      | Noticed Ijyb
  1392 | D:2      | Killed Ijyb
  1544 | D:2      | Noticed Terence
  1551 | D:2      | Killed Terence
  1551 | D:2      | Reached skill level 5 in Maces & Flails
  1944 | D:2      | Found a glowing golden altar of the Shining One.
  2070 | D:2      | Reached XP level 5. HP: 32/32 MP: 5/5
  2343 | D:2      | Found a snail-covered altar of Cheibriados.
  2492 | D:3      | Found a shattered altar of Ashenzari.
  3024 | D:3      | Reached skill level 6 in Maces & Flails
  3032 | D:3      | Reached XP level 6. HP: 35/37 MP: 6/6
  3293 | D:3      | Noticed Crazy Yiuf
  3311 | D:3      | Killed Crazy Yiuf
  3455 | D:4      | Found a radiant altar of Vehumet.
  3582 | D:4      | Found a staircase to the Ecumenical Temple.
  3587 | D:4      | Noticed Menkaure
  3591 | D:4      | HP: 1/37 [Menkaure (12)]
  3594 | D:4      | Killed Menkaure
  3594 | D:4      | Reached skill level 7 in Maces & Flails
  3594 | D:4      | Reached XP level 7. HP: 36/41 MP: 7/7
  3888 | D:4      | Found a glowing silver altar of Zin.
  3902 | D:4      | Reached skill level 8 in Maces & Flails
  3907 | D:4      | Noticed Blork the orc
  4144 | D:4      | Found Qederhis' Antique Weapon Boutique.
  4147 | D:4      | Bought a runed mace for 87 gold pieces
  4161 | D:4      | Noticed Edmund
  4169 | D:4      | Killed Edmund
  4169 | D:4      | Reached XP level 8. HP: 46/46 MP: 8/8
  4323 | D:4      | Reached skill level 9 in Maces & Flails
  4326 | D:4      | Found a shimmering altar of Xom.
  4375 | D:4      | Found a glowing golden altar of the Shining One.
  4476 | D:4      | Killed Blork the orc
  4525 | D:5      | Entered Level 5 of the Dungeon
  4528 | D:5      | Acquired Trog's third power
  4550 | D:5      | Found a sparkling altar of Nemelex Xobeh.
  4616 | D:5      | Found a glowing drain.
  4627 | D:5      | Reached skill level 10 in Maces & Flails
  4664 | Sewer    | Entered a sewer
  4752 | Sewer    | Found a white marble altar of Elyvilon.
  4960 | D:5      | Reached XP level 9. HP: 36/51 MP: 9/9
  5179 | D:5      | You fall through a shaft for 2 floors!
  5188 | D:7      | Reached skill level 11 in Maces & Flails
  5232 | D:7      | Received a gift from Trog
  5477 | D:7      | Reached skill level 12 in Maces & Flails
  5918 | D:6      | Found Otiugiel's Gadget Boutique.
  6039 | D:6      | Found a basalt altar of Yredelemnul.
  6486 | D:6      | Reached skill level 13 in Maces & Flails
  6486 | D:6      | Reached XP level 10. HP: 51/56 MP: 10/10
  6881 | D:6      | Received a gift from Trog
  7719 | D:7      | Noticed a hill giant
  7726 | D:7      | Killed a hill giant
  7726 | D:7      | Reached skill level 14 in Maces & Flails
  7751 | D:7      | Found a bloodstained altar of Trog.
  8106 | D:8      | Noticed Maurice
  8107 | D:8      | Noticed puimuR's ghost (experienced TrAM)
  8116 | D:8      | Killed Maurice
  8120 | D:8      | Killed puimuR's ghost
  8120 | D:8      | Reached skill level 5 in Fighting
  8138 | D:8      | Reached skill level 5 in Dodging
  8394 | D:8      | Reached XP level 11. HP: 64/64 MP: 11/11
  8406 | D:8      | Received a gift from Trog
  8455 | D:8      | Noticed a hill giant
  8467 | D:8      | Killed a hill giant
  9168 | D:8      | Got an encrusted long sword
  9169 | D:8      | Identified the +8 long sword of Khautust {slice, +Blink} (You found it on level 8 of the Dungeon)
  9335 | D:9      | Found a shadowy altar of Dithmenos.
  9362 | D:9      | Reached skill level 5 in Stealth
  9504 | D:9      | Noticed Jessica
  9518 | D:9      | Killed Jessica
  9519 | D:9      | Found a deep blue altar of Sif Muna.
  9621 | D:9      | Found a staircase to the Lair.
  9876 | D:10     | Entered Level 10 of the Dungeon
  9947 | D:10     | Noticed Joseph
  9961 | D:10     | Killed Joseph
 10299 | D:13     | Received a gift from Trog
 10303 | D:13     | Noticed a vault guard
 10305 | D:13     | Noticed a vault guard
 10309 | D:13     | Killed a vault guard
 10310 | D:13     | Found a gate to the Vaults.
 10310 | D:13     | Noticed a vault guard
 10310 | D:13     | Noticed a vault guard
 10310 | D:13     | Noticed a vault guard
 10311 | D:13     | Noticed a vault guard
 10314 | D:13     | Noticed a vault guard
 10314 | D:13     | Killed a vault guard
 10325 | D:14     | Reached XP level 12. HP: 27/75 MP: 0/12
 10493 | D:14     | Noticed a four-headed hydra
 10501 | D:14     | Killed a four-headed hydra
 11247 | D:14     | Noticed a hill giant
 11247 | D:14     | Noticed a fire crab
 11253 | D:14     | Killed a fire crab
 11255 | D:14     | Killed a hill giant
 11255 | D:14     | Reached skill level 10 in Dodging
 11262 | D:14     | Noticed a tengu warrior
 11263 | D:14     | Noticed a tengu warrior
 11263 | D:14     | Received a gift from Trog
 11276 | D:14     | Killed a tengu warrior
 11281 | D:14     | Killed a tengu warrior
 11281 | D:14     | Reached skill level 10 in Fighting
 11293 | D:14     | Got a slimy broad axe {god gift}
 11294 | D:14     | Identified the +6 broad axe of the Candelabrum {chop, Noisy rPois Int+2 Dex+2 SInv} (Trog gifted it to you on level 14 of the Dungeon)
 11715 | D:13     | Killed a vault guard
 11752 | D:13     | Noticed a vault guard
 11831 | D:13     | Noticed a tengu warrior
 12129 | D:12     | Reached XP level 13. HP: 84/84 MP: 4/13
 12134 | D:12     | Received a gift from Trog
 12645 | D:11     | Noticed WildSam's ghost (powerful DrMo)
 12667 | D:11     | Killed WildSam's ghost
 13136 | Lair:1   | Entered Level 1 of the Lair of Beasts
 13153 | Lair:1   | Got an encrusted ring mail
 13164 | Lair:1   | Identified the +0 ring mail "Moddo" {+Fly rElec rC+ Dex+4} (You found it on level 1 of the Lair of Beasts)
 13228 | Lair:1   | Reached skill level 1 in Crossbows
 13606 | Lair:2   | Noticed Gastronok
 13615 | Lair:2   | Killed Gastronok
 13615 | Lair:2   | Reached skill level 5 in Crossbows
 14297 | Lair:2   | Received a gift from Trog
 15362 | Lair:3   | Received a gift from Trog
 15447 | Lair:3   | Reached XP level 14. HP: 83/92 MP: 4/14
 15484 | Lair:3   | Identified a scroll of acquirement
 15490 | Lair:3   | Got a pair of dazzling boots
 15501 | Lair:3   | Identified the +2 pair of boots "Roud" {rN+ MR+ Str-3 Int+4 Slay-2} (You acquired it on level 3 of the Lair of Beasts)
 15980 | Lair:3   | Received a gift from Trog
 16073 | Lair:3   | Reached skill level 5 in Armour
 16349 | Lair:4   | Found a staircase to the Shoals.
 16938 | Lair:5   | Noticed Fannar
 16959 | Lair:5   | Killed Fannar
 17112 | Lair:5   | Found a staircase to the Snake Pit.
 17374 | Lair:5   | Received a gift from Trog
 18467 | Lair:7   | Found a frozen archway.
 18470 | Lair:7   | Received a gift from Trog
 18535 | IceCv    | Entered an ice cave
 18568 | IceCv    | Received a gift from Trog
 18958 | Lair:7   | Reached XP level 15. HP: 67/100 MP: 5/15
 19947 | Lair:8   | Entered Level 8 of the Lair of Beasts
 19999 | Lair:8   | Reached skill level 15 in Dodging
 20155 | Lair:8   | Received a gift from Trog
 20459 | Lair:8   | Reached skill level 15 in Fighting
 20564 | Lair:8   | Reached skill level 16 in Dodging
 20766 | Lair:8   | Found a viscous altar of Jiyva.
 20767 | Lair:8   | Found a staircase to the Slime Pits.
 20817 | Lair:8   | Received a gift from Trog
 21188 | Lair:8   | Got a jewelled war axe
 21223 | Lair:8   | Got a transparent robe
 21234 | Lair:8   | Identified the +0 robe "Diggext" {rElec rPois Str-3} (You found it on level 8 of the Lair of Beasts)
 21785 | D:11     | Received a gift from Trog
 22343 | D:12     | Found a staircase to the Orcish Mines.
 22629 | Orc:1    | Entered Level 1 of the Orcish Mines
 22629 | Orc:1    | Found a roughly hewn altar of Beogh.
 22707 | Orc:1    | Noticed valak23's ghost (experienced OpAs)
 22712 | Orc:1    | Killed valak23's ghost
 23232 | Orc:2    | Found Dauqakh's Assorted Antiques.
 23249 | Orc:2    | Bought a square malachite amulet for 145 gold pieces
 23636 | Orc:2    | Received a gift from Trog
 23832 | Orc:2    | Found Hyduy's Armour Shop.
 24096 | Orc:3    | Reached XP level 16. HP: 110/110 MP: 5/16
 24108 | Orc:3    | Found a dark tunnel.
 24123 | Volcano  | Entered a volcano
 24196 | Volcano  | Found a radiant altar of Vehumet.
 24199 | Volcano  | Received a gift from Trog
 24601 | Orc:3    | Received a gift from Trog
 24720 | Orc:3    | Received a gift from Trog
 25024 | Orc:4    | Entered Level 4 of the Orcish Mines
 25024 | Orc:4    | Found a staircase to the Elven Halls.
 25135 | Orc:4    | Noticed Nergalle
 25146 | Orc:4    | Killed Nergalle
 25171 | Orc:4    | Found Uwniats' Book Shoppe.
 25245 | Orc:4    | Received a gift from Trog
 25371 | Orc:4    | Noticed Urug
 25383 | Orc:4    | Killed Urug
 25402 | Orc:4    | Received a gift from Trog
 25539 | Orc:4    | Received a gift from Trog
 25589 | Orc:4    | Found Jeah Tra's Book Boutique.
 25589 | Orc:4    | Found Ucajal's Jewellery Shoppe.
 25677 | Orc:4    | Found a roughly hewn altar of Beogh.
 25796 | Orc:4    | Reached skill level 17 in Dodging
 25844 | Orc:4    | Found Evekuov's Antique Weapon Boutique.
 25863 | Orc:4    | Bought a runed morningstar for 124 gold pieces
 25923 | Elf:1    | Entered Level 1 of the Elven Halls
 25983 | Elf:1    | Noticed Agnes
 25988 | Elf:1    | Killed Agnes
 25997 | Elf:1    | Received a gift from Trog
 26105 | Elf:1    | HP: 4/111 [deep elf knight/short sword (16)]
 26365 | Elf:1    | Noticed an eldritch tentacle
 26439 | Elf:1    | Killed an eldritch tentacle
 26448 | Elf:1    | Cast into the Abyss (spatial vortex)
 26539 | Abyss:1  | Gained mutation: Space occasionally distorts in your vicinity. [a neqoxec]
 26628 | Abyss:1  | Gained mutation: Your natural rate of healing is unusually fast. [a neqoxec]
 26631 | Abyss:1  | Gained mutation: You are partially covered in icy blue scales (AC +1). [a neqoxec]
 26686 | Abyss:1  | Noticed a lich
 26697 | Abyss:1  | Killed a lich
 26767 | Abyss:1  | Paralysed by you for 6 turns
 26937 | Abyss:1  | Noticed a bone dragon
 26948 | Abyss:1  | Killed a bone dragon
 27257 | Abyss:1  | Reached skill level 18 in Dodging
 27340 | Abyss:1  | Noticed a tentacled starspawn
 27352 | Abyss:1  | Killed a tentacled starspawn
 27520 | Abyss:1  | Noticed a profane servitor
 27553 | Abyss:1  | Reached XP level 17. HP: 92/118 MP: 5/17
 27598 | Abyss:1  | Noticed a tentacled starspawn
 27871 | Abyss:1  | Noticed a Hell Sentinel
 27879 | Abyss:1  | Noticed a tentacled starspawn
 28478 | Abyss:1  | Received a gift from Trog
 28974 | Abyss:2  | Paralysed by accursed screaming for 1 turns
 28982 | Abyss:2  | Found a corrupted altar of Lugonu.
 29169 | Abyss:3  | Noticed a lich
 29176 | Elf:1    | Escaped the Abyss
 29188 | Elf:1    | Identified the Collected Works on the Supportive Voyage (You found it on level 1 of the Elven Halls)
 29928 | Elf:1    | Reached skill level 19 in Dodging
 30387 | Lair:2   | Gained mutation: You are somewhat resistant to further mutation. [potion of beneficial mutation]
 30388 | Lair:2   | Lost mutation: Your natural rate of healing is unusually fast. [potion of cure mutation]
 30388 | Lair:2   | Lost mutation: You are somewhat resistant to further mutation. [potion of cure mutation]
 30388 | Lair:2   | Lost mutation: Space occasionally distorts in your vicinity. [potion of cure mutation]
 30388 | Lair:2   | Lost mutation: You are partially covered in icy blue scales (AC +1). [potion of cure mutation]
 30672 | Elf:1    | Received a gift from Trog
 30849 | Elf:1    | Identified the Compendium of the Destructive Snowflakes
 30951 | Elf:1    | Identified the Guide on Earth and Transmutation
 31025 | Elf:1    | Noticed a sphinx
 31039 | Elf:1    | Killed a sphinx
 31057 | Elf:1    | Identified the Volume of the Arcane
 31334 | Elf:1    | Noticed a bone dragon
 31353 | Elf:1    | Killed a bone dragon
 31353 | Elf:1    | Reached XP level 18. HP: 45/128 MP: 6/18
 31831 | Elf:1    | Received a gift from Trog
 31874 | Elf:1    | Identified Mitiani's Incunabulum of Black Rituals
 31979 | Elf:2    | Reached skill level 20 in Dodging
 32284 | Elf:2    | Reached skill level 1 in Shields
 32286 | Elf:2    | Found a huge runed gate.
 32286 | Elf:2    | Found a huge runed gate.
 32286 | Elf:2    | Found a huge runed gate.
 32310 | Elf:2    | Found a huge runed gate.
 32313 | Elf:2    | Found a huge runed gate.
 32469 | Elf:2    | Found Qogralaa's Food Shop.
 32803 | Elf:2    | Cast into the Abyss (quick blade of distortion)
 32807 | Abyss:1  | Noticed a bone dragon
 32818 | Abyss:1  | Killed a bone dragon
 32893 | Elf:2    | Escaped the Abyss
 32908 | Elf:2    | Reached skill level 5 in Shields
 33484 | Elf:2    | Received a gift from Trog
 34034 | Elf:3    | Entered Level 3 of the Elven Halls
 34050 | Elf:3    | Found a flickering gateway to a bazaar.
 34051 | Elf:3    | Noticed Louise
 34055 | Elf:3    | Cast into the Abyss (Louise)
 34076 | Abyss:1  | Noticed a tentacled starspawn
 34085 | Abyss:1  | Killed a tentacled starspawn
 34184 | Elf:3    | Escaped the Abyss
 34188 | Bazaar   | Entered a bazaar
 34192 | Bazaar   | Found Fegam's Jewellery Boutique.
 34212 | Bazaar   | Found Vyihahad's General Store.
 34232 | Bazaar   | Found Klyatt's Book Boutique.
 34249 | Bazaar   | Found Kluyth's Antique Weapon Shoppe.
 34272 | Bazaar   | Bought the amulet "Voxupavi" {Ward rN+ Slay+3} for 484 gold pieces
 34274 | Bazaar   | Bought an uncursed ring of teleport control for 700 gold pieces
 34306 | Bazaar   | Bought a manual of Armour for 1545 gold pieces
 34322 | Bazaar   | Bought an uncursed ring of poison resistance for 220 gold pieces
 34322 | Bazaar   | Bought a scroll of magic mapping for 38 gold pieces
 34362 | Elf:3    | Killed Louise
 34385 | Elf:3    | Found Zett's Book Boutique.
 34681 | Elf:3    | Found Duewk's Antique Weapon Shop.
 34691 | Elf:3    | Found Custontazig's General Store.
 34713 | Elf:3    | Found Deloedue's Food Shoppe.
 34751 | Elf:3    | Noticed Kirke
 34770 | Elf:3    | Killed Kirke
 35264 | Shoals:1 | Entered Level 1 of the Shoals
 35319 | Shoals:1 | Reached XP level 19. HP: 129/133 MP: 6/18
 35321 | Shoals:1 | Received a gift from Trog
 35401 | Shoals:1 | Received a gift from Trog
 36634 | Shoals:2 | Got a pair of pitted boots
 36648 | Shoals:2 | Identified the +0 pair of boots "Ethracw" {rPois Regen+} (You found it on level 2 of the Shoals)
 37832 | Shoals:3 | Found Thutsuocs' Jewellery Shop.
 37846 | Shoals:3 | Bought an uncursed ring of see invisible for 240 gold pieces
 38102 | Shoals:4 | Received a gift from Trog
 38695 | Shoals:4 | Got a translucent rapier
 38696 | Shoals:4 | Identified the +8 rapier "Ywei" {flame, Str+6} (You found it on level 4 of the Shoals)
 38998 | Shoals:5 | Entered Level 5 of the Shoals
 39005 | Shoals:5 | Noticed Mara
 39018 | Shoals:5 | Noticed Zapata's illusion
 39022 | Shoals:5 | Noticed Polyphemus
 39041 | Shoals:5 | Killed Polyphemus
 39049 | Shoals:5 | Killed Zapata's illusion
 39052 | Shoals:5 | Reached skill level 21 in Dodging
 39062 | Shoals:5 | Killed Mara
 39371 | Shoals:5 | Noticed Roxanne
 39387 | Shoals:5 | Killed Roxanne
 39389 | Shoals:5 | Identified Roxanne's Guide on Earth and Transmutation (You took it off Roxanne on level 5 of the Shoals)
 39441 | Shoals:5 | Noticed Ilsuiw
 39538 | Shoals:5 | Cast into the Abyss (merfolk javelineer)
 39667 | Shoals:5 | Escaped the Abyss
 39887 | Shoals:5 | HP: 4/136 [merfolk/trident (11)]
 39887 | Shoals:5 | Mangled by a merfolk impaler

Action                   |  1- 3 |  4- 6 |  7- 9 | 10-12 | 13-15 | 16-18 | 19-21 || total
-------------------------+-------+-------+-------+-------+-------+-------+-------++-------
Melee: Mace              |   104 |   112 |   334 |   214 |       |       |       ||   764
       Demon whip        |       |       |       |   278 |  1187 |  1166 |   384 ||  3015
       Unarmed           |       |       |       |       |       |     8 |       ||     8
 Fire: Hand crossbow     |       |       |       |       |       |    10 |       ||    10
Invok: Berserk           |     2 |     8 |    11 |    17 |     5 |    22 |     4 ||    69
       Trog's Hand       |       |     2 |     1 |       |       |     1 |     1 ||     5
       Brothers in Arms  |       |       |       |     2 |     4 |     9 |     4 ||    19
       Burn Spellbooks   |       |       |       |     2 |     4 |     6 |     6 ||    18
Evoke: Wand              |       |       |       |     3 |       |     1 |       ||     4
  Use: Scroll            |       |     5 |     4 |    13 |    18 |    10 |    11 ||    61
       Potion            |       |     1 |     3 |       |       |     7 |    12 ||    23
 Stab: Sleeping          |     2 |     2 |       |     8 |    53 |    20 |     5 ||    90
       Fleeing           |       |       |       |       |     1 |       |       ||     1
       Distracted        |       |       |       |       |     2 |     8 |       ||    10
  Eat: Chunk             |     5 |    10 |    23 |    36 |    32 |    29 |    11 ||   146
       Meat ration       |       |     1 |       |       |     1 |     5 |     1 ||     8
       Pizza             |       |       |       |     1 |       |       |       ||     1
